 Dungeon Crawl Stone Soup version 0.28-a0-413-gde365fb1df (webtiles) character file.

Game seed: 8878390740499381303

56 Tocho the Gusty (level 3, 0/19 HPs)
             Began as a Tengu Air Elementalist on Sept 2, 2021.
             Slain by Grinder (3 damage)
             ... on level 3 of the Dungeon on Sept 7, 2021.
             The game lasted 00:06:59 (2505 turns).

Tocho the Gusty (Tengu Air Elementalist)            Turns: 2505, Time: 00:07:00

Health: 0/19       AC:  6    Str:  9    XL:     3   Next: 95%
Magic:  4/7        EV:  8    Int: 15    God:
Gold:   63         SH:  0    Dex: 14    Spells: 6/7 levels left

rFire   . . .      SeeInvis .   c - +0 short sword
rCold   + . .      Faith    .   (no shield)
rNeg    . . .      Spirit   .   l - +0 scale mail
rPois   .          Reflect  .   (helmet restricted)
rElec   .          Harm     .   (no cloak)
rCorr   .          Rampage  .   (no gloves)
Will    .....                   (boots unavailable)
Stlth   +.........              (no amulet)
HPRegen 0.06/turn               k - ring of protection from cold
MPRegen 0.10/turn               (no ring)

@: no status effects
A: beak, talons 3
a: no special abilities


You were on level 3 of the Dungeon.
You visited 1 branch of the dungeon, and saw 3 of its levels.

You collected 63 gold pieces.

Inventory:

Hand Weapons
 c - a +0 short sword (weapon)
Missiles
 h - 2 throwing nets
Armour
 a - a +0 robe
 g - a +0 leather armour
 l - a +0 scale mail (worn)
Jewellery
 k - a ring of protection from cold (left hand)
 o - a +6 ring of intelligence
Scrolls
 b - 3 scrolls of noise {unknown}
 d - a scroll of immolation {unknown}
 i - a scroll of acquirement {unknown}
 n - a scroll of identify {unknown}
 p - a scroll of torment {unknown}
Potions
 j - a potion of magic {unknown}
 m - a potion of lignification {unknown}


   Skills:
 + Level 0.1 Fighting
 + Level 0.5 Short Blades
 + Level 1.1 Armour
 + Level 2.4 Dodging
 + Level 2.0 Stealth
 + Level 2.5 Spellcasting
 + Level 1.8 Conjurations
 + Level 5.0 Air Magic


You had 6 spell levels left.
You knew the following spells:

 Your Spells              Type           Power      Damage    Failure   Level
a - Shock                 Conj/Air       48%        1d6       38%         1

Your spell library contained the following spells:

 Spells                   Type           Power      Damage    Failure   Level
 Static Discharge         Conj/Air       12%        N/A       54%         2
 Swiftness                Air            17%        N/A       54%         3
 Airstrike                Air            8%         N/A       91%         4


Dungeon Overview and Level Annotations

Branches:
Dungeon (3/15)

Altars:
Xom

Annotations:
D:3 Grinder


Innate Abilities, Weirdness & Mutations

You have a beak for a mouth.
You have claws for feet.


Message History

Grinder is lightly wounded.
Grinder barely misses you.
You hit Grinder.
Grinder is moderately wounded.
Grinder blinks!
Aiming: Shock (safe; 38% risk of failure)
Press: ? - help, Q - select action, (/) - cycle Shift-Dir - straight line, f - Grinder
Aim: Grinder (moderately wounded, 64% to hit)
The zap hits Grinder.
Grinder is moderately wounded.
Aiming: Shock (safe; 38% risk of failure)
Press: ? - help, Q - select action, (/) - cycle Shift-Dir - straight line, f/p - Grinder
Aim: Grinder (moderately wounded, 64% to hit)
The zap misses Grinder.
Aiming: Shock (safe; 38% risk of failure)
Press: ? - help, Q - select action, (/) - cycle Shift-Dir - straight line, f/p - Grinder
Aim: Grinder (moderately wounded, 64% to hit)
The zap hits Grinder.
Grinder is moderately wounded.
You barely miss Grinder.
Grinder is moderately wounded.
Grinder hits you.
You writhe in agony.
You hit Grinder.
Grinder is heavily wounded.
Grinder hits you.
You writhe in agony.
You barely miss Grinder. Your kick misses Grinder.
Grinder is heavily wounded.
Grinder hits you.
* * * LOW HITPOINT WARNING * * *
You writhe in agony.
* * * LOW HITPOINT WARNING * * *
Grinder barely misses you.
There is an open door here.
It was a potion of flight.
You feel very buoyant.
You fly up into the air.
It was a potion of cancellation.
Your magical effects are unravelling.
You feel magically purged.
You float gracefully downwards.
Grinder hits you.
You die...

#.#.....>+.. #####
###'#.######.. #...#
#.....# #.. #...#
#.....# #.. #...#
#.....######..
#...####..........'..
#...+..'......#####..
#..5####......#...#'#
#!..@..'.............
#...####.............
#...# ####..........
#...# #..........
#(..# #..........
#....5......#........
.....#...............
#.##..#.#######.......
# #+###


You could see Grinder.

Vanquished Creatures
  2 worms
  3 dart slugs (D:1)
  6 bats
  3 endoplasms
  A giant cockroach (D:3)
  4 goblins (D:2)
  2 hobgoblins
  2 jackals (D:2)
  2 quokkas
  5 ball pythons
  3 frilled lizards
  5 kobolds
  5 rats
43 creatures vanquished.

Notes
Turn   | Place    | Note
-------+----------+-------------------------------------------
     0 | D:1      | Tocho the Tengu Air Elementalist began the quest for the
                  | Orb.
     0 | D:1      | Reached XP level 1. HP: 10/10 MP: 4/4
   236 | D:1      | Reached XP level 2. HP: 15/15 MP: 1/6
  1130 | D:1      | Upgraded the game from 0.28-a0-384-g9e0c098162 to
                  | 0.28-a0-413-gde365fb1df
  1148 | D:2      | Reached XP level 3. HP: 13/19 MP: 4/7
  1737 | D:2      | Reached skill level 1 in Armour
  1796 | D:2      | Reached skill level 5 in Air Magic
  1911 | D:2      | Found a faded altar of an unknown god.
  2271 | D:3      | Found a shimmering altar of Xom.
  2475 | D:3      | Noticed Grinder
  2505 | D:3      | Slain by Grinder

Illustrated notes

Levels and vault maps discovered:
D:1:      wheals_arrival_linesprint, layout_loops_ring,
          amcnicky_mini_rare_corridor_liquid
D:2:      kennysheep_big_flooded_room, layout_basic,
          ebering_ecumenical_altar_petrified, minmay_tromino_i4
D:3:      layout_basic, mainiacjoe_overflow_cross_hatched, uniq_grinder

Skill      XL: |  1  2  3 |
---------------+----------+-----
Armour         | 1 |  1.1
Air Magic      | 5 |  5.0
Fighting       | |  0.1
Short Blades   | |  0.5
Dodging        | |  2.4
Stealth        | |  2.0
Spellcasting   | |  2.5
Conjurations   | |  1.8

Action                   || total
-------------------------++-------
Melee: Short sword       ||    67
       Peck              ||     6
       Kick              ||    14
 Cast: Shock             ||    58
  Use: Potion            ||     2
Armor: Leather armour    ||     4
       Scale mail        ||    36
Dodge: Dodged            ||    54

Table legend: (Time is in decaauts)
 A = Elapsed time spent in this place.
 B = Non-inter-level travel time spent in this place.
 C = Inter-level travel time spent in this place.
 D = Time resting spent in this place.
 E = Time spent auto-exploring this place.
 F = Levels seen in this place.
 G = Mean time per level.
                   A        B        C        D        E       F      G
               +--------+--------+--------+--------+--------+-----+--------+
         Total |   2509 |   2387 |    122 |      0 |   2076 |   3 |  836.3 |
       Dungeon |   2509 |   2387 |    122 |      0 |   2076 |   3 |  836.3 |
               +--------+--------+--------+--------+--------+-----+--------+

Top non-repeatable levels by time:
     D:1: 1130 daAuts
     D:2: 822 daAuts
     D:3: 556 daAuts
